 Dungeon Crawl Stone Soup version 0.23-a0-607-g760965b (webtiles) character file.

2729 Lavandula the Slicer (level 9, -5/56 HPs)
             Began as a Halfling Enchanter on Dec 20, 2018.
             Was a Priest of Cheibriados.
             Slain by a hornet (18 damage)
             ... on level 9 of the Dungeon.
             The game lasted 00:30:15 (6703 turns).

Lavandula the Slicer (Halfling Enchanter)           Turns: 6703, Time: 00:30:17

Health: -5/56      AC:  4    Str: 17    XL:     9   Next: 99%
Magic:  1/11       EV: 18    Int: 21    God:    Cheibriados [***...]
Gold:   160        SH:  7    Dex: 23    Spells: 2/11 levels left

rFire    + . .     SeeInvis +   P - +2 falchion (vamp)
rCold    + . .     Gourm    .   D - +0 buckler
rNeg     . . .     Faith    .   b - +0 robe
rPois    .         Spirit   .   (no helmet)
rElec    .         Reflect  .   B - scarf {rC+ rF+}
rCorr    .         Harm     .   p - +0 pair of gloves
MR       .....                  c - +0 pair of boots
Stlth    +++.......             (no amulet)
HPRegen  0.18/turn              A - -3 ring of intelligence
MPRegen  0.12/turn              G - ring of see invisible

@: lethally poisoned (-5 -> -7), very slightly contaminated, slowed, invisible,
very slow
A: small, mutation resistance 1
a: Bend Time, Temporal Distortion, Renounce Religion


You were on level 9 of the Dungeon.
You worshipped Cheibriados.
Cheibriados was most pleased with you.
You were not hungry.

You visited 2 branches of the dungeon, and saw 10 of its levels.

You collected 409 gold pieces.
You spent 249 gold pieces at shops.

Inventory:

Hand Weapons
 a - a +1 dagger
 J - a +1 demon trident of venom
 K - a +2 scimitar of freezing
 M - a +2 dagger of speed
 P - a +2 vampiric falchion (weapon)
Missiles
 j - 12 poisoned needles
 x - 13 tomahawks (quivered)
Armour
 b - a +0 robe (worn)
 c - a +0 pair of boots (worn)
 p - a +0 pair of gloves (worn)
 r - a +1 scale mail of magic resistance
 t - the +1 scale mail "Zyidush" {rF+ MP-9 Int+4}
   (You found it on level 7 of the Dungeon)

   It affects your intelligence (+4).
   It protects you from fire.
   It affects your magic capacity (-9).
 B - a scarf of resistance (worn)
 D - a +0 buckler (worn)
Jewellery
 A - a -3 ring of intelligence (left hand)
 G - a ring of see invisible (right hand)
Wands
 e - a wand of iceblast (7)
 h - a wand of polymorph (6)
 i - a wand of acid (4)
 m - a wand of flame (8)
 o - a wand of clouds (6)
 L - a wand of paralysis (4)
Scrolls
 f - 2 scrolls of fog
 g - 2 scrolls of random uselessness
 k - 3 scrolls of amnesia
 l - 2 scrolls of remove curse
 n - 3 scrolls of magic mapping {unknown}
 q - a scroll of immolation {unknown}
 u - 2 scrolls of teleportation {unknown}
 w - 2 scrolls of fear {unknown}
 y - a scroll of acquirement {unknown}
 C - a scroll of brand weapon {unknown}
 I - a scroll of enchant armour {unknown}
 O - a scroll of enchant weapon {unknown}
Potions
 s - a potion of invisibility
 v - 5 potions of flight
 z - 2 potions of agility {unknown}
 E - 2 potions of curing {unknown}
 F - a potion of resistance {unknown}
 H - a potion of lignification {unknown}
 N - a potion of might {unknown}
Comestibles
 d - 6 rations


   Skills:
 - Level 3.0 Fighting
 - Level 8.8(10.8) Short Blades
 - Level 8.5(9.7) Long Blades
 - Level 4.2 Dodging
 - Level 3.2 Stealth
 + Level 4.2 Shields
 - Level 1.5 Spellcasting
 - Level 2.4 Hexes


You had 2 spell levels left.
You knew the following spells:

 Your Spells              Type           Power        Failure   Level  Hunger
a - Corona                Hex            ##.....      6%          1    #......
b - Ensorcelled Hibernat  Hex/Ice        #.....       16%         2    ###....
c - Confuse               Hex            ##......     19%         3    ###....
d - Dazzling Spray        Conj/Hex       #.....       30%         3    ###....

Your spell library contained the following spells:

 Spells                   Type           Power        Failure   Level  Hunger
 Slow                     Hex            ##......     10%         2    ###....
 Magic Dart               Conj           #...         17%         1    #......
 Blink                    Tloc           N/A          26%         2    ###....
 Call Imp                 Summ           #.......     26%         2    ###....
 Tukima's Dance           Hex            ##......     19%         3    ###....
 Conjure Flame            Conj/Fire      #.......     45%         3    ###....
 Mephitic Cloud           Conj/Pois/Air  #.......     45%         3    ###....


Dungeon Overview and Level Annotations

Branches:
Dungeon (9/15)             Temple (1/1) D:5
   Lair: D:8-11         Orc: D:9-12

Altars:
Ashenzari
Cheibriados
Dithmenos
Elyvilon
Fedhas
Gozag
Hepliaklqana
Kikubaaqudgha
Makhleb
Nemelex Xobeh
Okawaru
Qazlal
Ru
Sif Muna
Trog
Uskayaw
Vehumet
Xom
Yredelemnul
The Shining One

Shops:
D:7 (

Annotations:
D:8 Joseph


Innate Abilities, Weirdness & Mutations

You are small and have problems with some larger weapons.
You are somewhat resistant to further mutation.


Message History

You feel sick. The hornet stings you!
* * * LOW HITPOINT WARNING * * *
You feel as though you will be slow longer.
The hornet barely misses you. The hornet closely misses you.
You riposte.
You hit the hornet.
The hornet is heavily wounded.
Okay, then.
Okay, then.
Okay, then.
You fade into invisibility!
You feel sick. You block the hornet's attack. The hornet misses you.
You riposte.
You strike the helpless hornet from behind!
You hit the hornet.
The hornet is heavily wounded.
You are very lightly contaminated with residual magic.
You hit the hornet.
The hornet is heavily wounded.
The hornet stings you!!
You die...

.... ....... .......#
#.....# #.....#
##########
#.....#####.........
#...................
+...........@.......
#...........y...)...
#...................
########+#.....#####....
....#....'.....# ....
....#....#.....+ ...
....#....#.....# ..
#...######.....# .#
#...##.#####†###..#


You could see a hornet.

Vanquished Creatures
  A hippogriff (D:9)
  A water moccasin (D:7)
  An orc warrior (D:7)
  A sky beast (D:7)
  A necrophage (D:6)
  3 ogres
  2 phantoms
  2 big kobolds
  4 bullfrogs
  A gnoll sergeant (D:7)
  2 scorpions
  A water moccasin skeleton (D:7)
  3 howler monkeys
  A crimson imp (D:6)
  2 bullfrog zombies
  A bullfrog skeleton (D:4)
  4 hounds
  A jelly (D:5)
  3 orc priests
  A centaur skeleton (D:7)
  5 orc wizards
  5 worker ants
  A killer bee zombie (D:6)
  A hound zombie (D:9)
  2 hound skeletons
  A howler monkey zombie (D:5)
  8 adders
  5 gnolls (D:7)
  A shadow imp (D:6)
  An ooze (D:5)
  An adder skeleton (D:7)
  2 worms
  4 dart slugs
  4 leopard geckos
  32 orcs
  7 giant cockroaches
  7 goblins
  11 hobgoblins
  19 jackals
  2 quokkas
  A ball python skeleton (D:4)
  8 bats
  4 frilled lizards (D:2)
  A giant cockroach zombie (D:5)
  15 kobolds
  2 quokka skeletons
  A rat (D:1)
187 creatures vanquished.

Notes
Turn   | Place    | Note
-------+----------+-------------------------------------------
     0 | D:1      | Lavandula the Halfling Enchanter began the quest for the
                  | Orb.
     0 | D:1      | Reached XP level 1. HP: 11/11 MP: 3/3
    82 | D:1      | Reached XP level 2. HP: 17/17 MP: 1/4
   336 | D:1      | Learned a level 2 spell: Ensorcelled Hibernation
   609 | D:1      | Reached XP level 3. HP: 16/21 MP: 1/5
  1192 | D:2      | Noticed an ogre
  1327 | D:2      | Reached XP level 4. HP: 27/27 MP: 2/6
  1627 | D:2      | Found a white marble altar of Elyvilon.
  1633 | D:2      | Found a bloodstained altar of Trog.
  1747 | D:2      | Learned a level 3 spell: Confuse
  1885 | D:2      | Reached skill level 5 in Short Blades
  1891 | D:2      | Killed an ogre
  1891 | D:2      | Reached XP level 5. HP: 13/31 MP: 0/7
  2148 | D:3      | Reached XP level 6. HP: 34/36 MP: 3/8
  2257 | D:5      | Entered Level 5 of the Dungeon
  2409 | D:4      | Found an iron altar of Okawaru.
  2556 | D:4      | Reached XP level 7. HP: 41/41 MP: 9/9
  2692 | D:5      | Found a staircase to the Ecumenical Temple.
  2708 | Temple   | Entered the Ecumenical Temple
  2760 | Temple   | Became a worshipper of Cheibriados the Contemplative
  2927 | D:5      | Got a polished leather armour
  2939 | D:5      | Identified the +3 leather armour of Cloud Cover {rF+ rCorr
                  | Slay-4 SInv} (You found it on level 5 of the Dungeon)
  3198 | D:4      | Reached * piety under Cheibriados
  3273 | D:5      | Found a stormy altar of Qazlal.
  3273 | D:5      | Found a sacrificial altar of Ru.
  3290 | D:5      | Reached XP level 8. HP: 31/46 MP: 1/10
  3523 | D:6      | Learned a level 3 spell: Dazzling Spray
  3746 | D:6      | Found a snail-covered altar of Cheibriados.
  3861 | D:6      | Reached skill level 5 in Long Blades
  4140 | D:7      | Found Plog's Weapon Shop.
  4176 | D:6      | HP: 2/46 [poisoned by a scorpion]
  4183 | D:6      | HP: 1/46 [poisoned by a scorpion]
  4188 | D:6      | HP: 1/46 [poisoned by a scorpion]
  4194 | D:6      | HP: 1/46 [poisoned by a scorpion]
  4200 | D:6      | HP: 1/46 [poisoned by a scorpion]
  4206 | D:6      | HP: 1/46 [poisoned by a scorpion]
  4543 | D:6      | Found a shattered altar of Ashenzari.
  4582 | D:6      | You fall through a shaft for 2 floors!
  5050 | D:8      | Reached ** piety under Cheibriados
  5102 | D:8      | Reached XP level 9. HP: 52/52 MP: 7/11
  5128 | D:8      | Noticed Joseph
  5172 | D:8      | Reached skill level 1 in Fighting
  5516 | D:7      | Bought a +2 scimitar of freezing for 249 gold pieces
  5808 | D:7      | Reached *** piety under Cheibriados
  6157 | D:7      | Got a steaming scale mail
  6168 | D:7      | Identified the cursed +1 scale mail "Zyidush" {rF+ MP-9
                  | Int+4} (You found it on level 7 of the Dungeon)
  6441 | D:5      | Found a blossoming altar of Fedhas.
  6654 | D:9      | Noticed a hippogriff
  6665 | D:9      | Killed a hippogriff
  6690 | D:9      | Noticed a hornet
  6703 | D:9      | Slain by a hornet

Vault maps used:
D:1:      lordsloth_arrival_two_stooges
D:2:      minitemple, first_ration
D:3:      cheibrodos_thug_alley, overflow_temple_1_default
D:4:      lemuel_coloured_pillars_altar, nemelex_lonely_heart_becter
D:5:      nicolae_overflow_hidden_temple, minmay_temple_entry_statues_pillars
D:6:      lemuel_crystal_altar, kennysheep_slug_shrine
D:7:      serial_shops, shop
D:8:      uniq_maurice, uniq_joseph, uniq_prince_ribbit1
D:9:      lair_entry_dummy, makhleb_heckhound_becter
Temple:   nicolae_temple_great_sept

Skill      XL: |  1  2  3  4  5  6  7  8  9 |
---------------+----------------------------+-----
Short Blades   | 2 3 4 6 8 |  8.8
Long Blades    | 3 7 8 |  8.5
Fighting       | 3 |  3.0
Dodging        | 4 |  4.2
Shields        | 4 |  4.2
Stealth        | |  3.2
Spellcasting   | |  1.5
Hexes          | |  2.4

Action                   |  1- 3 |  4- 6 |  7- 9 || total
-------------------------+-------+-------+-------++-------
Melee: Dagger            |   188 |   167 |   183 ||   538
       Falchion          |       |       |   161 ||   161
       Scimitar          |       |       |   100 ||   100
 Cast: Corona            |    21 |    12 |       ||    33
       Ensorcelled Hiber |     7 |    14 |    38 ||    59
       Confuse           |       |     1 |    14 ||    15
       Dazzling Spray    |       |       |     3 ||     3
Evoke: Wand              |       |       |    21 ||    21
  Use: Potion            |       |     2 |     3 ||     5
       Scroll            |       |     4 |     3 ||     7
 Stab: Sleeping          |     8 |    14 |    18 ||    40
       Confused          |       |       |     5 ||     5
       Invisible         |       |       |     2 ||     2
       Distracted        |       |       |     1 ||     1
  Eat: Chunk             |     2 |     6 |    14 ||    22
       Ration            |       |       |     2 ||     2
Armor: Robe              |    26 |    18 |    63 ||   107
       Scale mail        |       |       |    20 ||    20
Dodge: Dodged            |   140 |    82 |   315 ||   537
Block: Buckler           |       |       |     5 ||     5
       Rpst.: Falchion   |       |       |    44 ||    44
       Scimitar          |       |       |    25 ||    25

Table legend:
 A = Non-vault XP
 B = Vault XP
 C = Vault XP percentage of total XP
 D = Non-vault monster count
 E = Vault monster count
 F = Vault count percentage of total count
                 A         B        C        D         E       F
            +---------+---------+-------+---------+---------+-------
      Total |    3789 |     110 |   2.8 |     180 |       7 |   3.7
            +---------+---------+-------+---------+---------+-------
        D:1 |      38 |       0 |   0.0 |      21 |       0 |   0.0
        D:2 |     200 |       0 |   0.0 |      31 |       0 |   0.0
        D:3 |      67 |     106 |  61.3 |       9 |       6 |  40.0
        D:4 |     204 |       0 |   0.0 |      16 |       0 |   0.0
        D:5 |     415 |       0 |   0.0 |      14 |       0 |   0.0
        D:6 |     592 |       4 |   0.7 |      21 |       1 |   4.5
        D:7 |    1120 |       0 |   0.0 |      31 |       0 |   0.0
        D:8 |     517 |       0 |   0.0 |      25 |       0 |   0.0
        D:9 |     516 |       0 |   0.0 |       9 |       0 |   0.0
     Temple |     120 |       0 |   0.0 |       3 |       0 |   0.0
            +---------+---------+-------+---------+---------+-------
